 Dungeon Crawl Stone Soup version 0.31-a0-233-g139696dc86 (webtiles) character file.

Game seed: 246938659859192452

102 Zonian the Chiller (level 4, -2/24 HPs)
             Began as a Deep Elf Ice Elementalist on July 8, 2023.
             Slain by a sleepcap (8 damage)
             ... on level 3 of the Dungeon.
             The game lasted 00:05:58 (2850 turns).

Zonian the Chiller (Deep Elf Ice Elementalist)      Turns: 2850, Time: 00:05:59

Health: -2/24      AC:  3    Str:  5    XL:     4   Next: 50%
Magic:  0/12       EV:  2    Int: 22    God:
Gold:   128        SH:  0    Dex: 15    Spells: 4/11 levels left

rFire   . . .        g - +1 dagger (venom)
rCold   . . .        (no shield)
rNeg    . . .        a - +0 robe
rPois   .            q - +0 hat
rElec   .            s - +0 cloak
rCorr   .            (no gloves)
SInv    .            (no boots)
Will    .....        j - amulet of guardian spirit
Stlth   ++           (no ring)
HPRegen 0.24/turn    (no ring)
MPRegen 0.13/turn

%: guardian spirit
@: sleeping, freezing walls
A: no striking features
a: no special abilities


You were on level 3 of the Dungeon.
You visited 1 branch of the dungeon, and saw 3 of its levels.

You collected 128 gold pieces.

Inventory:

Hand Weapons
 c - a +0 dagger
 g - a +1 dagger of venom (weapon)
Missiles
 o - 4 poisoned darts
Armour
 a - a +0 robe (worn)
 k - a +0 leather armour
 q - a +0 hat (worn)
 s - a +0 cloak (worn)
Jewellery
 j - an amulet of guardian spirit (around neck)
Scrolls
 h - a scroll of noise
Potions
 b - a potion of magic
 f - a potion of brilliance
 l - a potion of attraction {unknown}
 r - a potion of resistance {unknown}


   Skills:
 + Level 3.5 Dodging
 + Level 3.7 Stealth
 + Level 4.1 Spellcasting
 + Level 5.0 Ice Magic


You had 4 spell levels left.
You knew the following spells:

 Your Spells              Type           Power      Damage    Failure   Level
a - Freeze                Ice            100%       1d10      1%          1
b - Frozen Ramparts       Ice            52%        1d8       4%          3
c - Ozocubu's Armour      Ice            26%        N/A       4%          3

Your spell library contained the following spells:

 Spells                   Type           Power      Damage    Failure   Level
 Summon Ice Beast         Ice/Summ       15%        N/A       36%         4
 Ozocubu's Refrigeration  Ice            13%        4d10      100%        7


Dungeon Overview and Level Annotations

Branches:
Dungeon (3/15)

Altars:
Ru

Annotations:
D:3 Ijyb


Message History

Casting: Freeze (safe; 1% risk of failure)
Confirm with . or Enter, or press ? or * to list all spells.
The spell is quite dangerous to miscast (4% risk of failure)!
Continue anyway?
Casting: Frozen Ramparts (quite dangerous; 4% risk of failure)
Press: ? - help, Dir - look around, f - activate The walls around you are covered in ice.
The wall freezes the ball python.
You kill the ball python!
The wall freezes the sleepcap but does no damage.
The sleepcap misses you.
You hit the sleepcap.
The sleepcap is lightly damaged.
The wall freezes the sleepcap.
The sleepcap misses you.
You hit the sleepcap.
The sleepcap is moderately damaged.
The wall freezes the sleepcap but does no damage.
The sleepcap barely misses you. Magic courses through your body.
The wall freezes the sleepcap but does no damage.
The sleepcap releases spores at you but does no damage.
Unknown command.
You hit the sleepcap.
The sleepcap is moderately damaged.
The wall freezes the sleepcap.
The sleepcap releases spores at you!
* * * LOW HITPOINT WARNING * * *
Unknown command.
You hit the sleepcap but do no damage.
The sleepcap is moderately damaged.
The wall freezes the sleepcap but does no damage.
The sleepcap releases spores at you but does no damage.
Unknown command.
You hit the sleepcap but do no damage.
The sleepcap is poisoned.
The sleepcap is moderately damaged.
The wall freezes the sleepcap.
The sleepcap releases spores at you.
* * * LOW HITPOINT WARNING * * *
You are engulfed in a cloud of soporific spores!
You fall asleep.
The wall freezes the sleepcap but does no damage.
The sleepcap releases spores at you!
You die...

...#####.....#
...######....#
......)......########.#
###..........#........#
#
#....).....'.########.#
#..........#..#........
#..........#.........#
#..........#.........#
#..........###@##...##
##########..†f.# #..#
#.##### ... #.# >#


You could see a sleepcap (very poisoned).

Vanquished Creatures
  5 adders
  2 worms
  A dart slug (D:2)
  An orc (D:3)
  2 endoplasms
  A giant cockroach (D:1)
  4 goblins
  4 hobgoblins (D:1)
  4 jackals (D:2)
  2 quokkas (D:1)
  5 ball pythons
  6 bats
  A frilled lizard (D:2)
  8 kobolds
  5 rats
51 creatures vanquished.

Notes
Turn   | Place    | Note
-------+----------+-------------------------------------------
     0 | D:1      | Zonian the Deep Elf Ice Elementalist began the quest for
                  | the Orb.
     0 | D:1      | Reached XP level 1. HP: 10/10 MP: 6/6
   319 | D:1      | Reached XP level 2. HP: 15/15 MP: 6/8
  1281 | D:2      | Reached XP level 3. HP: 17/19 MP: 3/10
  1285 | D:2      | Learned a level 3 spell: Frozen Ramparts
  1289 | D:2      | Learned a level 3 spell: Ozocubu's Armour
  1717 | D:2      | Found a sacrificial altar of Ru.
  1866 | D:3      | Reached XP level 4. HP: 24/24 MP: 7/11
  2116 | D:3      | Reached skill level 5 in Ice Magic
  2135 | D:3      | Noticed Ijyb
  2850 | D:3      | Slain by a sleepcap

Illustrated notes

Levels and vault maps discovered:
D:1:      dpeg_arrival_central, layout_basic, chequers_serial_rivers_micro_d,
          minmay_tall_x
D:2:      layout_rooms, basic_altar
D:3:      layout_basic, uniq_ijyb

Skill      XL: |  1  2  3  4 |
---------------+-------------+-----
Stealth        | 3 |  3.7
Dodging        | 3 |  3.5
Ice Magic      | 5 |  5.0
Spellcasting   | 4 |  4.1

Action                     |  1- 3 |  4- 6 || total
---------------------------+-------+-------++-------
  Melee: Dagger            |    60 |    24 ||    84
   Cast: Freeze            |    41 |     6 ||    47
         Frozen Ramparts   |     1 |     1 ||     2
    Use: Scroll            |       |     8 ||     8
         Potion            |       |     1 ||     1
   Stab: Sleeping          |     4 |       ||     4
 Armour: Robe              |    20 |     5 ||    25
  Dodge: Dodged            |    65 |    11 ||    76

Table legend: (Time is in decaauts)
 A = Elapsed time spent in this place.
 B = Non-inter-level travel time spent in this place.
 C = Inter-level travel time spent in this place.
 D = Time resting spent in this place.
 E = Time spent auto-exploring this place.
 F = Levels seen in this place.
 G = Mean time per level.
                   A        B        C        D        E       F      G
               +--------+--------+--------+--------+--------+-----+--------+
         Total |   2848 |   2792 |     56 |    724 |   1463 |   3 |  949.3 |
       Dungeon |   2848 |   2792 |     56 |    724 |   1463 |   3 |  949.3 |
               +--------+--------+--------+--------+--------+-----+--------+

Top non-repeatable levels by time:
     D:1: 1151 daAuts
     D:3: 1070 daAuts
     D:2: 626 daAuts
